 Dungeon Crawl Stone Soup version 0.27.1-34-g3ba077fa99 (webtiles) character file.

Game seed: 17910437483794547314

16 cbfl8 the Sneak (level 2, -1/27 HPs)
             Began as a Minotaur Delver on Jan 20, 2022.
             Slain by a water moccasin (6 damage)
             ... on level 3 of the Dungeon.
             The game lasted 00:00:51 (268 turns).

cbfl8 the Sneak (Minotaur Delver)                    Turns: 268, Time: 00:00:51

Health: -1/27      AC:  5    Str: 16    XL:     2   Next: 41%
Magic:  1/1        EV: 11    Int:  7    God:
Gold:   0          SH:  0    Dex: 11    Spells: 1/1 levels left

rFire    . . .     SeeInvis .   a - +0 hand axe
rCold    . . .     Faith    .   (no shield)
rNeg     . . .     Spirit   .   j - +0 ring mail
rPois    .         Reflect  .   (helmet restricted)
rElec    .         Harm     .   (no cloak)
rCorr    .         Rampage  .   (no gloves)
Will     .....                  (no boots)
Stlth    ++........             (no amulet)
HPRegen  0.09/turn              (no ring)
MPRegen  0.07/turn              (no ring)

@: lethally poisoned (-1 -> -6)
A: horns 2, retaliatory headbutt
a: no special abilities


You were on level 3 of the Dungeon.
You visited 1 branch of the dungeon, and saw 3 of its levels.

Inventory:

Hand Weapons
 a - a +0 hand axe (weapon)
Armour
 b - a +0 leather armour
 j - a +0 ring mail (worn)
Wands
 g - a wand of digging (3)
Scrolls
 c - a scroll of fog
 d - a scroll of magic mapping
 e - a scroll of fear
Potions
 f - 2 potions of haste
 h - a potion of curing {unknown}
 i - a potion of heal wounds {unknown}


   Skills:
 + Level 3.8 Fighting
 + Level 2.4 Axes
 + Level 2.2 Dodging
 + Level 4.5 Stealth


You had one spell level left.
You didn't know any spells.
Your spell library contained the following spells:

 Spells                   Type           Power      Damage    Failure   Level
 Slow                     Hex            0%         N/A       80%         2
 Confusing Touch          Hex            0%         N/A       95%         3
 Yara's Violent Unravell  Hex/Tmut       0%         3d3       100%        5


Dungeon Overview and Level Annotations

Branches:
Dungeon (5/15)
 Temple: D:4-7

Altars:
Gozag


Innate Abilities, Weirdness & Mutations

You have a pair of horns on your head.
You reflexively headbutt those who attack you in melee.


Message History

j - a +0 ring mail You start removing your armour.
You continue taking off your +0 leather armour. x4
You finish taking off your +0 leather armour.
You start putting on your armour.
You continue putting on your +0 ring mail. x5
You finish putting on your +0 ring mail.
Found a stone staircase leading up.
There is a stone staircase leading up here.
You climb upwards.
Found a robe, a fizzy cyan potion and 15 stones.
There is a stone staircase leading down here.
Found a blue potion.
The water moccasin closely misses you.
You closely miss the water moccasin.
The water moccasin barely misses you. x2
You furiously retaliate!
You headbutt the water moccasin! You closely miss the water moccasin.
The water moccasin is moderately wounded.
The water moccasin bites you but does no damage.
You closely miss the water moccasin.
Your headbutt misses the water moccasin.
The water moccasin is moderately wounded.
The water moccasin barely misses you. You furiously retaliate!
You headbutt the water moccasin! The water moccasin bites you!
You miss the water moccasin.
The water moccasin is heavily wounded.
The water moccasin bites you. x2
You are poisoned.
The water moccasin poisons you!
You miss the water moccasin. You headbutt the water moccasin!
The water moccasin is almost dead.
You feel very sick. The water moccasin bites you.
* * * LOW HITPOINT WARNING * * *
You barely miss the water moccasin.
The water moccasin is almost dead.
* * * LOW HITPOINT WARNING * * *
You feel sick. The water moccasin closely misses you.
The water moccasin bites you.
You die...

.. #. ..# #.
.# #..##. .#
#..#.####.#
###!.......#
..!....@...#
####...S...#
##.......#
##........#
#.........#
...#...>..##
...#......#
#.[.......#
.#.#......#


You could see a water moccasin.

Vanquished Creatures
  An adder (D:5)
  An adder skeleton (D:4)
  An orc (D:4)
  An endoplasm (D:4)
4 creatures vanquished.

Notes
Turn   | Place    | Note
-------+----------+-------------------------------------------
     0 | D:5      | cbfl8 the Minotaur Delver began the quest for the Orb.
     0 | D:5      | Reached XP level 1. HP: 19/19 MP: 0/0
    28 | D:5      | Noticed an iguana
    81 | D:5      | Reached XP level 2. HP: 25/27 MP: 1/1
    95 | D:5      | Found an opulent altar of Gozag.
   255 | D:3      | Noticed a water moccasin
   268 | D:3      | Slain by a water moccasin

Illustrated notes

Levels and vault maps discovered:
D:3:      layout_rooms
D:4:      layout_gridville, amcnicky_altar_gilded,
          grunt_temple_overflow_cloverleaf, guppyfry_early_orc_mine,
          uniq_natasha, uniq_menkaure, uniq_eustachio, uniq_robin
D:5:      layout_cave_pods, kennysheep_little_box

Action                   || total
-------------------------++-------
Melee: Hand axe          ||    18
       Headbutt          ||     4
Armor: Leather armour    ||     6
       Ring mail         ||     1
Dodge: Dodged            ||    11
